 Dungeon Crawl Stone Soup version 0.31.0-32-g396128a36d (webtiles) character file.

Game seed: 7561225150149614159

341 concernfroge the Changeling (level 6, -2/47 HPs)
             Began as a Merfolk Shapeshifter on Apr 24, 2024.
             Was an Initiate of Gozag.
             Slain by a black bear (5 damage)
             ... on level 4 of the Dungeon.
             The game lasted 00:09:55 (2863 turns).

concernfroge the Changeling (Merfolk Shapeshifter)  Turns: 2863, Time: 00:09:56

Health: -2/47      AC:  2    Str: 19    XL:     6   Next: 56%
Magic:  0/6        EV: 14    Int:  9    God:    Gozag
Gold:   216        SH:  0    Dex: 15    Spells: 5/5 levels left

rFire   + . .        r - +10 falchion of Until {heavy, rF+ Str+4}
rCold   . . .        (no shield)
rNeg    . . .        a - +0 animal skin
rPois   .            (helmet currently unavailable)
rElec   .            (cloak currently unavailable)
rCorr   .            (gloves currently unavailable)
SInv    .            (boots currently unavailable)
Will    .....        m - amulet of guardian spirit
Stlth   ++           (no ring)
HPRegen 0.27/turn    (no ring)
MPRegen 0.10/turn

%: guardian spirit
@: beast-form
A: beast (slay +3), (nimble swimmer 2), mertail
a: Begin Untransformation, Renounce Religion, Potion Petition, Call Merchant,
Bribe Branch


You were on level 4 of the Dungeon.
You worshipped Gozag.
Gozag was aware of your devotion.
You were a hulking beast.
You visited 2 branches of the dungeon, and saw 5 of its levels.

You collected 321 gold pieces.
You paid 105 gold pieces to Gozag.

Inventory:

Hand Weapons
 r - the +10 falchion of Until (weapon) {heavy, rF+ Str+4}
   (You found it on level 2 of the Dungeon)

   Str+4:     It affects your strength (+4).
   rF+:       It protects you from fire.
Missiles
 w - a throwing net (quivered)
Armour
 a - a +0 animal skin (worn)
 t - a +2 hat
 v - a +0 cloak
Jewellery
 m - an amulet of guardian spirit (around neck)
Talismans
 c - a beast talisman (active)
 d - a flux talisman
Scrolls
 g - 2 scrolls of teleportation {unknown}
 h - 3 scrolls of identify {unknown}
 i - 2 scrolls of vulnerability {unknown}
 k - a scroll of revelation {unknown}
 n - 4 scrolls of blinking {unknown}
 o - a scroll of immolation {unknown}
 q - a scroll of summoning {unknown}
 u - a scroll of fog {unknown}
 y - a scroll of poison {unknown}
Potions
 b - a potion of lignification
 e - a potion of curing {unknown}
 f - a potion of attraction {unknown}
 j - a potion of degeneration {unknown}
 l - a potion of mutation {unknown}
 p - a potion of heal wounds {unknown}
 s - a potion of brilliance {unknown}
 x - a potion of enlightenment {unknown}


   Skills:
 + Level 3.2 Fighting
 + Level 4.6 Dodging
 + Level 3.1 Stealth
 + Level 4.5 Unarmed Combat
 + Level 5.3 Shapeshifting


You had 5 spell levels left.
You didn't know any spells.
Your spell library contained the following spells:

 Spells                   Type           Power      Damage    Failure   Level
 Slow                     Hex            0%         N/A       38%         1
 Blink                    Tloc           0%         N/A       52%         2
 Lesser Beckoning         Tloc           0%         N/A       52%         2
 Momentum Strike          Conj/Tloc      0%         3d8       52%         2
 Confusing Touch          Hex            0%         N/A       77%         3
 Sigil of Binding         Hex            0%         N/A       77%         3
 Vampiric Draining        Necr           0%         2d6       77%         3


Dungeon Overview and Level Annotations

Branches:
Dungeon (4/15)             Temple (1/1) D:4

Altars:
Ashenzari
Cheibriados
Dithmenos
Gozag
Hepliaklqana
Kikubaaqudgha
Makhleb
Nemelex Xobeh
Okawaru
Ru
Trog
Wu Jian
Xom
Yredelemnul
Zin
The Shining One


Innate Abilities, Weirdness & Mutations

You are a hulking beast.
Your limbs bulge with bestial killing power. (Slay +3)
((You are very nimble when in or above water. (Stealth+, EV+, Speed+++)))
Your lower body shifts to a powerful aquatic tail in water.


Message History

The orc hits you but does no damage. The orc closely misses you.
You hit the orc.
You kill the orc!
The orc priest invokes the aid of Beogh against you.
Beogh smites you!
You slash the orc priest!
The orc priest is almost dead.
The orc priest hits you with a +0 falchion.
The orc priest misses you.
You hit the orc priest.
You kill the orc priest!
No target in view!
Magic restored.
HP restored.
You now have 216 gold pieces (gained 16).
Items here: ( ))) [.
A black bear comes into view.
The black bear bites you. The black bear claws you. x2
You slash the black bear!
The black bear is heavily wounded.
The black bear closely misses you. The black bear misses you.
The black bear claws you but does no damage.
The black bear bites you but does no damage.
The black bear claws you. x2
You slash the black bear!
The black bear is almost dead.
The black bear goes berserk!
The black bear bites you. The black bear barely misses you.
The black bear claws you.
You hit the black bear but do no damage.
The black bear is almost dead.
The black bear bites you. The black bear claws you. x2
The black bear bites you!
* * * LOW HITPOINT WARNING * * *
The black bear claws you.
* * * LOW HITPOINT WARNING * * *
The black bear barely misses you. The black bear bites you.
* * * LOW HITPOINT WARNING * * *
The black bear claws you.
You die...
Your body crumbles into a pile of gold.

#########
#....hh.#
#.#####.#
#.# #.# #
#.#
#.#####.#
#.......#
####.####
#..##


You could see a black bear (berserk).

Vanquished Creatures
  2 orc priests (D:4)
  A gnoll bouda (D:4)
  Jessica (D:3)
  2 orc wizards (D:4)
  Robin (D:3)
  6 gnolls
  An adder (D:3)
  A dart slug (D:2)
  A ribbon worm (D:2)
  2 orcs (D:4)
  9 bats
  12 endoplasms
  4 giant cockroaches
  10 goblins
  13 hobgoblins
  4 jackals (D:3)
  3 quokkas
  7 ball pythons
  A frilled lizard (D:2)
  5 kobolds
  7 rats
93 creatures vanquished.

Notes
Turn   | Place    | Note
-------+----------+-------------------------------------------
     0 | D:1      | concernfroge the Merfolk Shapeshifter began the quest for
                  | the Orb.
     0 | D:1      | Reached XP level 1. HP: 15/15 MP: 1/1
   229 | D:1      | Reached XP level 2. HP: 21/21 MP: 2/2
   258 | D:1      | Reached skill level 1 in Stealth
   340 | D:1      | Reached XP level 3. HP: 27/27 MP: 3/3
   648 | D:2      | Identified the +10 falchion of Until {heavy, rF+ Str+4}
   878 | D:2      | Reached XP level 4. HP: 33/33 MP: 4/4
  1733 | D:3      | Found an opulent altar of Gozag.
  1777 | D:3      | Noticed Jessica
  1780 | D:3      | Killed Jessica
  1814 | D:3      | Reached XP level 5. HP: 36/39 MP: 3/5
  2038 | D:3      | Noticed Robin
  2044 | D:3      | Killed Robin
  2344 | D:4      | Reached skill level 5 in Shapeshifting
  2350 | D:4      | Reached XP level 6. HP: 28/46 MP: 4/6
  2500 | D:4      | Found a staircase to the Ecumenical Temple.
  2523 | Temple   | Entered the Ecumenical Temple
  2659 | D:3      | Became a worshipper of Gozag Ym Sagoz the Greedy
  2859 | D:4      | Noticed a black bear
  2863 | D:4      | Slain by a black bear

Illustrated notes

Levels and vault maps discovered:
D:1:      onia_arrival_pyramid, layout_basic, chequers_serial_rivers_small_3,
          st_stairs_14, item_on_display_a
D:2:      layout_loops_corners, minmay_mini_jars
D:3:      layout_rooms, nicolae_gozag_seed_capital, minmay_tree_intersection,
          minmay_misc_feat_more_columns, uniq_robin, uniq_jessica
D:4:      layout_loops_corners, minmay_temple_entry_overgrown, serial_shops,
          shop, gammafunk_ghost_necromancy
Temple:   regret_index_temple_waves

Skill      XL: |  1  2  3  4  5  6 |
---------------+-------------------+-----
Dodging        | 3 4 |  4.6
Stealth        | 1 2 3 |  3.1
Fighting       | 2 3 |  3.2
Unarmed Combat | 4 |  4.5
Shapeshifting  | 5 |  5.3

Action                     |  1- 3 |  4- 6 || total
---------------------------+-------+-------++-------
  Melee: Spear             |    66 |       ||    66
         Unarmed           |    51 |    25 ||    76
         Punch             |     3 |     1 ||     4
         Falchion          |       |    69 ||    69
   Stab: Sleeping          |       |     2 ||     2
 Armour: Plate armour      |   104 |     2 ||   106
         Animal skin       |     2 |    59 ||    61
  Dodge: Dodged            |    31 |    71 ||   102
   Form: Beast             |     1 |       ||     1
